 Dungeon Crawl Stone Soup version 0.31-a0-472-g43a2ca8e1b (webtiles) character file.

Game seed: 11491764308862051216

1614 AIAndy the Grappler (level 8, 0/45 (48) HPs)
             Began as an Octopode Shapeshifter on Aug 6, 2023.
             Slain by a wight
             ... wielding a +1 great sword of freezing
              (3 damage)
             ... on level 7 of the Dungeon.
             The game lasted 00:11:06 (5549 turns).

AIAndy the Grappler (Octopode Shapeshifter)         Turns: 5549, Time: 00:11:07

HP:   0/45 (48)     AC:  5    Str: 16    XL:     8   Next: 95%
MP:   8/8           EV: 13    Int: 11    God:
Gold: 323           SH:  0    Dex: 18    Spells: 7/7 levels left

rFire   . .          .
                       - Unarmed
rCold   . . .        (no shield)
rNeg    . . .        (helmet currently unavailable)
rPois   .            v - amulet of the acrobat
rElec   .            X - +6 ring of dexterity
rCorr   .            O - +4 ring of protection
SInv    .            (no ring)
Will    .....        (no ring)
Stlth   +++          (no ring)
HPRegen 0.27/turn    (no ring)
MPRegen 0.11/turn    (no ring)
                     (no ring)

%: acrobat
@: beast-form, drained
A: beast (slay +5), almost no armour, amphibious, 8 rings, camouflage 1,
gelatinous body 1, (nimble swimmer 1), tentacles
a: Begin Untransformation


You were on level 7 of the Dungeon.
You were a hulking beast.
You visited 1 branch of the dungeon, and saw 7 of its levels.

You collected 407 gold pieces.
You spent 84 gold pieces at shops.


Innate Abilities, Weirdness & Mutations

You are a hulking beast.
Your limbs bulge with bestial killing power. (Slay +5)
You cannot wear most types of armour.
You are amphibious.
You can wear up to eight rings at the same time.
Your skin changes colour to match your surroundings (Stealth+).
Your rubbery body absorbs attacks. (AC +1, EV +1)
((You are camouflaged when in or above water. (Stealth+)))
You have tentacles for arms and can constrict up to eight enemies at once.


   Skills:
 - Level 1.0 Fighting
 - Level 2.0 Dodging
 + Level 8.3 Unarmed Combat
 + Level 7.2 Shapeshifting


You had 7 spell levels left.
You didn't know any spells.
Your spell library contained the following spells:

 Spells                   Type           Power      Damage    Failure   Level
 Necrotise                Necr           0%         1d4       34%         1
 Blink                    Tloc           0%         N/A       47%         2
 Lesser Beckoning         Tloc           0%         N/A       47%         2
 Momentum Strike          Conj/Tloc      0%         3d8       47%         2
 Sublimation of Blood     Necr           0%         N/A       47%         2
 Vampiric Draining        Necr           0%         2d6       71%         3
 Agony                    Necr           0%         N/A       100%        5
 Infestation              Necr           0%         N/A       100%        8

Inventory:

Hand Weapons
 z - a +2 long sword of flaming
Missiles
 k - 6 boomerangs (quivered)
 x - 12 javelins
 y - 4 poisoned darts
Jewellery
 v - an amulet of the acrobat (around mantle)
 C - a ring of ice
 O - a +4 ring of protection (right tentacle)
 X - a +6 ring of dexterity (left tentacle)
Talismans
 b - a beast talisman (active)
Wands
 m - a wand of paralysis (28)
 B - a wand of polymorph (9)
Scrolls
 c - 2 scrolls of poison {unknown}
 d - 2 scrolls of vulnerability {unknown}
 h - 3 scrolls of fog {unknown}
 j - 5 scrolls of identify {unknown}
 l - 2 scrolls of blinking {unknown}
 r - a scroll of revelation {unknown}
 u - 2 scrolls of immolation {unknown}
 A - 2 scrolls of summoning {unknown}
 D - a scroll of teleportation {unknown}
Potions
 a - 3 potions of lignification {!q}
 e - a potion of attraction {unknown}
 f - 2 potions of heal wounds {unknown}
 g - 2 potions of cancellation {unknown}
 i - 2 potions of brilliance {unknown}
 n - 2 potions of degeneration {unknown}
 o - 2 potions of resistance {unknown}
 p - 2 potions of might
 q - 4 potions of curing {@q1}
 s - a potion of enlightenment {unknown}
 t - a potion of magic {unknown}
 w - a potion of berserk rage {unknown}

Dungeon Overview and Level Annotations

Branches:
Dungeon (7/15)             Temple (0/1) D:7

Altars:
Fedhas
Kikubaaqudgha
Makhleb
Qazlal

Shops:
D:3

!
$.###..###....~§§~
#=...........§~~§~
#.....<.##.§§§§§§
#.##...$...#§~~~§
##.#......~§§~
..###.##..##..~§
........)...##..
.###....##.#
#.h### .# #z## .
#.. .. #... #.
..... .. ....#.
.z#.... ..#....


You could see 2 wights.


Message History

Things that are here:
a +4 war axe; a +0 robe A wight comes into view.
It is wielding a +1 great sword of freezing.
A wight comes into view. It is wielding a +0 great sword.
You barely miss the wight. You grab the wight. You squeeze the wight.
The wight is lightly damaged.
You constrict the wight.
The wight hits you with a +3 flail of freezing!
You feel drained. The wight freezes you.
* * * LOW HITPOINT WARNING * * *
You tentacle-slap the wight but do no damage.
You squeeze the wight.
The wight is moderately damaged.
You constrict the wight.
The wight struggles to escape constriction.
You bludgeon the wight!
You destroy the wight!
You bludgeon the wight! Your grab misses the wight.
The wight is severely damaged.
The wight barely misses you.
You tentacle-slap the wight. You grab the wight.
You squeeze the wight, but do no damage.
The wight is almost destroyed.
You constrict the wight, but do no damage.
The wight hits you with a +1 great sword of freezing!
* * * LOW HITPOINT WARNING * * *
You feel drained.
* * * LOW HITPOINT WARNING * * *
The wight freezes you.
You die...

Skill      XL: |  1  2  3  4  5  6  7  8 |
---------------+-------------------------+-----
Unarmed Combat | 4 5 7 8 |  8.3
Shapeshifting  | 4 5 6 7 |  7.2
Fighting       | |  1.0
Dodging        | |  2.0

Action                     |  1- 3 |  4- 6 |  7- 9 || total
---------------------------+-------+-------+-------++-------
  Melee: Unarmed           |    50 |    71 |    60 ||   181
         Constrict         |    16 |    22 |    12 ||    50
         Tentacles         |    11 |    14 |    20 ||    45
         Punch             |     1 |     3 |     1 ||     5
  Throw: Boomerang         |       |       |     2 ||     2
  Evoke: Wand              |       |       |     2 ||     2
   Stab: Sleeping          |     4 |     9 |     2 ||    15
         Distracted        |       |     1 |     1 ||     2
         Paralysed         |       |       |     7 ||     7
 Armour: Skin              |     1 |     3 |     5 ||     9
  Dodge: Dodged            |    23 |    33 |    25 ||    81

Levels and vault maps discovered:
D:1:      denvon_arrival_planthouse, layout_loops_ring
D:2:      layout_basic, ebering_ecumenical_altar_petrified, basic_altar,
          uniq_robin
D:3:      layout_loops_ring, serial_shops, shop, serial_forest,
          infiniplex_forest_end_3, infiniplex_forest_zigzag_1,
          infiniplex_forest_zigzag_1, infiniplex_forest_straight_3,
          infiniplex_forest_lined_corner, dk_vineyard_1,
          kennysheep_generic_room_8, uniq_ijyb
D:4:      layout_basic, chequers_temple_overflow_minitemple, serial_bayou_pond_a
D:5:      layout_basic
D:6:      layout_loops_corners, uniq_maggie, uniq_sigmund
D:7:      layout_rooms, minmay_temple_entry_mist, kennysheep_diamond,
          minmay_misc_feat_cross, uniq_menkaure

Notes
Turn   | Place    | Note
-------+----------+-------------------------------------------
     0 | D:1      | AIAndy the Octopode Shapeshifter began the quest for the
                  | Orb.
     0 | D:1      | Reached XP level 1. HP: 13/13 MP: 1/1
   114 | D:1      | Reached XP level 2. HP: 18/18 MP: 2/2
   811 | D:2      | Found a burning altar of Makhleb.
   855 | D:2      | Found a faded altar of an unknown god.
   967 | D:2      | Noticed Robin
   975 | D:2      | Reached XP level 3. HP: 16/23 MP: 3/3
   985 | D:2      | Killed Robin
  1699 | D:3      | Noticed Ijyb
  1705 | D:3      | Killed Ijyb
  1706 | D:3      | Reached skill level 4 in Unarmed Combat
  1706 | D:3      | Reached XP level 4. HP: 28/28 MP: 4/4
  1837 | D:3      | Found Fowaq's Distillery.
  1865 | D:3      | Bought a potion of might for 48 gold pieces
  1865 | D:3      | Bought a potion of curing for 36 gold pieces
  1914 | D:3      | Reached skill level 4 in Shapeshifting
  1917 | D:3      | Reached XP level 5. HP: 33/33 MP: 5/5
  2523 | D:4      | Noticed a black bear
  2529 | D:4      | Killed a black bear
  2530 | D:4      | Reached skill level 5 in Unarmed Combat
  2530 | D:4      | Reached XP level 6. HP: 28/38 MP: 6/6
  2888 | D:4      | Identified the +5 scale mail of the Ecumenical Temple {rF+
                  | Regen+ Str+2 Dex+3}
  3040 | D:4      | Found a burning altar of Makhleb.
  3040 | D:4      | Found a blossoming altar of Fedhas.
  3048 | D:4      | Found a faded altar of an unknown god.
  3050 | D:4      | Found a stormy altar of Qazlal.
  3052 | D:4      | Found an ancient bone altar of Kikubaaqudgha.
  3493 | D:5      | Entered Level 5 of the Dungeon
  3521 | D:5      | Reached skill level 5 in Shapeshifting
  3685 | D:5      | Reached XP level 7. HP: 13/43 MP: 7/7
  3992 | D:5      | Reached skill level 6 in Unarmed Combat
  4112 | D:5      | Noticed a two-headed ogre
  5106 | D:6      | Got the Textbook on Cadavers and the Vector
  5120 | D:6      | Noticed Maggie
  5133 | D:6      | Killed Maggie
  5134 | D:6      | Reached skill level 7 in Unarmed Combat
  5134 | D:6      | Reached skill level 6 in Shapeshifting
  5134 | D:6      | Reached XP level 8. HP: 48/48 MP: 8/8
  5344 | D:6      | Noticed Sigmund
  5352 | D:6      | Killed Sigmund
  5525 | D:7      | Found a staircase to the Ecumenical Temple.
  5533 | D:7      | Reached skill level 8 in Unarmed Combat
  5537 | D:7      | Reached skill level 7 in Shapeshifting
  5549 | D:7      | HP: 3/45 [wight/+1 great sword of freezing (3)]
  5549 | D:7      | Slain by a wight

Vanquished Creatures
  Maggie (D:6)
  Sigmund (D:6)
  A water moccasin (D:6)
  A black bear (D:4)
  An ice beast (D:7)
  A sky beast (D:7)
  An ogre (D:4)
  A phantom (D:5)
  A scorpion (D:6)
  5 wights
  A jelly (D:5)
  2 hounds (D:5)
  Ijyb (D:3)
  2 orc wizards
  Robin (D:2)
  5 adders
  2 white imps
  2 ufetubi
  A dart slug (D:2)
  11 orcs
  7 bats
  3 endoplasms
  4 giant cockroaches
  10 goblins
  11 hobgoblins
  2 quokkas
  6 ball pythons
  A frilled lizard (D:3)
  5 kobolds
  2 rats
93 creatures vanquished.

Table legend: (Time is in decaauts)
 A = Elapsed time spent in this place.
 B = Non-inter-level travel time spent in this place.
 C = Inter-level travel time spent in this place.
 D = Time resting spent in this place.
 E = Time spent auto-exploring this place.
 F = Levels seen in this place.
 G = Mean time per level.
                   A        B        C        D        E       F      G
               +--------+--------+--------+--------+--------+-----+--------+
         Total |   5532 |   5237 |    295 |    100 |   4414 |   7 |  790.3 |
       Dungeon |   5532 |   5237 |    295 |    100 |   4414 |   7 |  790.3 |
               +--------+--------+--------+--------+--------+-----+--------+

Top non-repeatable levels by time:
     D:4: 1152 daAuts
     D:6: 925 daAuts
     D:5: 918 daAuts
     D:2: 905 daAuts
     D:3: 825 daAuts
     D:1: 782 daAuts
     D:7: 23 daAuts

Table legend:
 A = Non-vault XP
 B = Vault XP
 C = Vault XP percentage of total XP
 D = Non-vault monster count
 E = Vault monster count
 F = Vault count percentage of total count
                 A         B        C        D         E       F
            +---------+---------+-------+---------+---------+-------
      Total |    1621 |     685 |  29.7 |      78 |      15 |  16.1
            +---------+---------+-------+---------+---------+-------
        D:1 |      18 |       0 |   0.0 |      12 |       0 |   0.0
        D:2 |      17 |      35 |  67.3 |       8 |      11 |  57.9
        D:3 |     103 |      38 |  27.0 |      18 |       2 |  10.0
        D:4 |     295 |       0 |   0.0 |      17 |       0 |   0.0
        D:5 |     315 |       0 |   0.0 |      12 |       0 |   0.0
        D:6 |     467 |     612 |  56.7 |       7 |       2 |  22.2
        D:7 |     406 |       0 |   0.0 |       4 |       0 |   0.0
            +---------+---------+-------+---------+---------+-------
